 Dungeon Crawl Stone Soup version 0.30-a0-390-g80c34de65d (webtiles) character file.

Game seed: 6537082422573425298

25020 cowcol the Carver (level 12, -4/103 HPs)
             Began as a White Draconian Berserker on Dec 4, 2022.
             Was a High Priest of Trog.
             Slain by a wyvern (10 damage)
             ... on level 2 of the Lair of Beasts.
             The game lasted 00:57:54 (19126 turns).

cowcol the Carver (White Draconian Berserker)      Turns: 19126, Time: 00:57:55

Health: -4/103     AC: 16    Str: 30    XL:     12   Next: 85%
Magic:  12/12      EV: 15    Int:  7    God:    Trog [*****.]
Gold:   947        SH:  0    Dex: 18    Spells: 11/11 levels left

rFire   . . .      SeeInvis .    T - +6 great sword (flame)
rCold   + . .      Faith    +    (shield currently unavailable)
rNeg    . . .      Spirit   .    (body armour unavailable)
rPois   .          Reflect  .    (helmet restricted)
rElec   .          Harm     .    N - +2 cloak
rCorr   .          Rampage  .    l - +3 pair of gauntlets of War {Slay+5}
Will    .....                    Z - +0 pair of boots
Stlth   +++.......               U - amulet of faith
HPRegen 0.37/turn                p - +6 ring of strength
MPRegen 0.13/turn                V - +6 ring of dexterity

@: on berserk cooldown, slowed, very slow
A: breathe frost, AC +8, unfitting armour, cold resistance 1, cold-blooded
a: Breathe Frost, Renounce Religion, Berserk, Trog's Hand, Brothers in Arms


You were on level 2 of the Lair of Beasts.
You worshipped Trog.
Trog was extremely pleased with you.
You visited 2 branches of the dungeon, and saw 14 of its levels.
You also visited: Sewer.

You collected 947 gold pieces.

Inventory:

Hand Weapons
 d - a +0 dagger
 e - a +0 dagger
 h - a +0 club
 n - a +0 mace
 z - a +6 dire flail
 B - a +0 trident
 E - a +5 great sword of freezing
 F - a +0 battleaxe of freezing
 G - a +5 war axe
 J - a +4 flail of holy wrath
 P - a +0 war axe
 T - a +6 great sword of flaming (weapon)
Missiles
 c - 31 poisoned darts (quivered)
 C - 3 silver javelins
Armour
 l - the +3 pair of gauntlets of War (worn) {Slay+5}
   (You acquired it on level 4 of the Dungeon)

   Slay:      It affects your accuracy & damage with ranged weapons and melee
   (+5).
 N - a +2 cloak (worn)
 Z - a +0 pair of boots (worn)
Jewellery
 p - a +6 ring of strength (left hand)
 s - a ring of protection from fire
 y - an amulet of magic regeneration
 L - a ring of willpower
 Q - a ring of see invisible
 R - a ring of fire
 U - an amulet of faith (around neck)
 V - a +6 ring of dexterity (right hand)
 Y - a ring of ice
Wands
 g - a wand of flame (33)
 D - a wand of iceblast (3)
 W - a wand of mindburst (7)
Scrolls
 b - 3 scrolls of blinking
 k - a scroll of magic mapping
 o - 5 scrolls of teleportation
 q - 2 scrolls of poison
 v - a scroll of torment
 x - 4 scrolls of vulnerability
 K - a scroll of butterflies
 O - a scroll of silence
 X - a scroll of immolation
Potions
 f - 5 potions of curing
 i - 3 potions of attraction {unknown}
 j - a potion of ambrosia {unknown}
 m - 2 potions of mutation
 r - 2 potions of heal wounds
 t - 5 potions of might
 u - a potion of magic {unknown}
 w - 5 potions of lignification {unknown}
 A - 2 potions of haste
 H - 2 potions of berserk rage {unknown}
 I - a potion of cancellation {unknown}
 M - 2 potions of degeneration {unknown}
 S - a potion of flight {unknown}


   Skills:
 + Level 8.3 Fighting
 - Level 3.1(10.2) Short Blades
 * Level 14.9(15.0) Long Blades
 * Level 11.2 Axes
 - Level 1.1(7.1) Maces & Flails
 + Level 3.5 Throwing
 + Level 6.4 Dodging
 + Level 3.7 Stealth
 + Level 2.5 Evocations


You had 11 spell levels left.
You didn't know any spells.
Your spell library was empty.

Dungeon Overview and Level Annotations

Branches:
Dungeon (11/15)            Temple (0/1) D:7            Lair (3/5) D:10
    Orc (0/2) D:11          Sewer (visited)
  Swamp: Lair:2-3    Shoals: Lair:2-3     Snake: Lair:2-3    Spider: Lair:2-3

Altars:
Cheibriados
Elyvilon
Fedhas
Gozag
Hepliaklqana
Kikubaaqudgha
Makhleb
Nemelex Xobeh
Okawaru
Qazlal
Sif Muna
Uskayaw
Wu Jian
Zin

Shops:
D:10 [

Annotations:
D:10 exclusion: oklob sapling


Innate Abilities, Weirdness & Mutations

You can breathe waves of freezing cold which knock back foes.
Your icy white scales are hard. (AC +8)
You cannot fit into any form of body armour.
Your flesh is cold resistant. (rC+)
You are cold-blooded and may be slowed by cold attacks.


Message History

The water moccasin hisses angrily.
You slice the naga like a ripe choko!!! You burn the naga.
You kill the naga!
Trog accepts your kill.
You feel sick.
You are no longer berserk.
You are exhausted.
You feel yourself slow down.
You feel sick.
You are no longer poisoned.
The komodo dragon misses you.
There is a stone staircase leading up, spattered with blood here.
The wyvern bites you but does no damage.
The wyvern barely misses you.
The komodo dragon bites you but does no damage.
The wyvern closely misses you.
You climb upwards.
There is a stone staircase leading down, spattered with blood here.
You barely miss the komodo dragon. The wyvern barely misses you.
The komodo dragon bites you. The wyvern closely misses you.
The komodo dragon bites you!
You slash the komodo dragon! You burn the komodo dragon.
The komodo dragon is moderately wounded.
The wyvern bites you. The komodo dragon bites you.
The wyvern closely misses you.
You fail to use your ability.
The wyvern bites you!
* * * LOW HITPOINT WARNING * * *
The komodo dragon barely misses you. The wyvern completely misses you.
The komodo dragon bites you but does no damage.
You fail to use your ability.
You have got your breath back.
The wyvern bites you!
* * * LOW HITPOINT WARNING * * *
The wyvern barely misses you. The komodo dragon closely misses you.
You slash the komodo dragon! You burn the komodo dragon.
The komodo dragon is severely wounded.
The wyvern bites you!
* * * LOW HITPOINT WARNING * * *
The wyvern bites you!
You die...

#........## #.. ##........#
##.. ##.......#### ### ###
#...
#........##.###.###P#####...
##..........................
#..........................
#..........................
#......)..†l...............
#........l@................
###P##.#..###.#P#######..#P
######### ##### #####


You could see a komodo dragon and a wyvern.

Vanquished Creatures
  3 two-headed ogres
  6 death yaks
  An oklob plant (Lair:2)
  2 cyclopes (D:11)
  2 black mambas
  Maurice (D:8)
  3 komodo dragons
  5 cane toads
  An unseen horror (D:11)
  A rime drake (Lair:2)
  Grinder (D:4)
  2 trolls (D:11)
  A hornet (D:9)
  3 blink frogs (Lair:1)
  2 wraiths (D:11)
  34 yaks
  2 basilisks (Lair:2)
  2 steam dragons
  Edmund (D:6)
  3 acid dragons
  3 nagas (Lair:3)
  A warg (D:11)
  12 water moccasins
  A black bear (Lair:1)
  2 orc warriors
  A sky beast (D:8)
  An ice beast (D:7)
  An ogre (D:5)
  11 centaurs
  10 wolves
  Blork the orc (D:6)
  4 kobold brigands
  3 bullfrogs
  2 necrophages
  2 scorpions (D:5)
  18 wights
  An electric eel (Lair:2)
  A howler monkey (D:6)
  A gnoll bouda (D:6)
  9 hounds
  4 jellies
  12 orc priests
  14 orc wizards
  6 hell rats (Lair:2)
  4 iguanas
  A mummy (D:5)
  11 gnolls
  17 adders
  2 shadow imps
  A white imp (D:5)
  2 ufetubi
  2 dart slugs
  49 orcs
  20 ball pythons
  11 endoplasms
  7 giant cockroaches
  18 goblins
  7 hobgoblins
  3 jackals (D:1)
  4 quokkas
  7 bats
  7 frilled lizards
  32 kobolds
  6 rats
408 creatures vanquished.

Vanquished Creatures (others)
  A bullfrog (D:8)
  An orc wizard (D:11)
  3 fungi
  47 plants
52 creatures vanquished.

Grand Total: 460 creatures vanquished

Notes
Turn   | Place    | Note
-------+----------+-------------------------------------------
     0 | D:1      | cowcol the Draconian Berserker began the quest for the Orb.
     0 | D:1      | Reached XP level 1. HP: 19/19 MP: 1/1
   297 | D:1      | Reached XP level 2. HP: 26/26 MP: 2/2
   817 | D:1      | Reached XP level 3. HP: 33/33 MP: 3/3
  1094 | D:2      | Reached ** piety under Trog
  1787 | D:3      | Reached XP level 4. HP: 40/40 MP: 4/4
  1923 | D:3      | Reached skill level 1 in Throwing
  1964 | D:3      | Identified a scroll of acquirement
  2330 | D:4      | Noticed a steam dragon
  2332 | D:4      | You fall into a shaft and drop 1 floor!
  2332 | D:5      | Entered Level 5 of the Dungeon
  2372 | D:4      | Reached skill level 1 in Short Blades
  2386 | D:4      | Noticed a necrophage
  2393 | D:4      | Killed a necrophage
  2394 | D:4      | Reached XP level 5. HP: 36/46 MP: 5/5
  2421 | D:4      | Reached *** piety under Trog
  2422 | D:4      | Reached skill level 5 in Axes
  2456 | D:4      | Found a glowing drain.
  2463 | Sewer    | Entered a sewer
  3211 | D:4      | Killed a steam dragon
  3212 | D:4      | Reached XP level 6. HP: 45/52 MP: 6/6
  3577 | D:4      | Found a blossoming altar of Fedhas.
  3816 | D:4      | Noticed Grinder
  3824 | D:4      | Paralysed by Grinder for 2 turns
  3842 | D:4      | Paralysed by Grinder for 2 turns
  3857 | D:4      | Killed Grinder
  3858 | D:4      | Your scales start taking on an icy white colour.
  3858 | D:4      | Reached XP level 7. HP: 35/59 MP: 7/7
  3858 | D:4      | Gained mutation: Your flesh is cold resistant. (rC+) [White
                  | Draconian growth]
  3858 | D:4      | Acquired the +3 pair of gauntlets of War {Slay+5}
  3858 | D:4      | Found the +3 pair of gauntlets of War {Slay+5}
  4419 | D:5      | Reached skill level 1 in Stealth
  4436 | D:5      | Reached XP level 8. HP: 67/67 MP: 8/8
  4479 | D:5      | Found a snail-covered altar of Cheibriados.
  4517 | D:5      | Found a stormy altar of Qazlal.
  4609 | D:5      | Reached skill level 1 in Long Blades
  5043 | D:5      | Reached **** piety under Trog
  5085 | D:5      | Found a sparkling altar of Nemelex Xobeh.
  5186 | D:6      | Reached skill level 2 in Long Blades
  5190 | D:6      | Reached skill level 5 in Fighting
  5416 | D:6      | Reached skill level 3 in Long Blades
  5481 | D:6      | Found a hazy altar of Hepliaklqana.
  5633 | D:6      | Reached XP level 9. HP: 74/74 MP: 9/9
  5994 | D:6      | Noticed Blork the orc
  6004 | D:6      | Killed Blork the orc
  6005 | D:6      | Reached skill level 4 in Long Blades
  6056 | D:6      | Found a white marble altar of Elyvilon.
  6142 | D:6      | Noticed Edmund
  6150 | D:6      | Killed Edmund
  6360 | D:7      | Found a staircase to the Ecumenical Temple.
  6470 | D:7      | Reached skill level 5 in Long Blades
  6554 | D:7      | Found an iron altar of Okawaru.
  7074 | D:7      | Reached skill level 6 in Long Blades
  7554 | D:8      | Reached skill level 7 in Long Blades
  7695 | D:8      | Found a hide-covered altar of Uskayaw.
  7712 | D:8      | Noticed Maurice
  7726 | D:8      | Killed Maurice
  7882 | D:8      | Found a shimmering blue altar of Sif Muna.
  7973 | D:8      | Found an ornate altar of the Wu Jian Council.
  8184 | D:8      | Reached XP level 10. HP: 73/83 MP: 10/10
  8251 | D:8      | Found a glowing silver altar of Zin.
  8426 | D:9      | Paralysed by a hornet for 2 turns
  8431 | D:9      | Reached skill level 8 in Long Blades
  9403 | D:9      | Noticed a two-headed ogre
  9415 | D:9      | Reached skill level 1 in Evocations
  9417 | D:9      | Killed a two-headed ogre
  9418 | D:9      | Reached skill level 9 in Long Blades
  9418 | D:9      | Reached skill level 5 in Dodging
  9471 | D:9      | Found an opulent altar of Gozag.
  9710 | D:9      | Found a burning altar of Makhleb.
 10580 | D:10     | Entered Level 10 of the Dungeon
 10580 | D:10     | Found Xups's Armour Emporium.
 10587 | D:10     | Noticed a two-headed ogre
 10596 | D:10     | Killed a two-headed ogre
 10597 | D:10     | Reached skill level 10 in Long Blades
 10619 | D:10     | Found an ancient bone altar of Kikubaaqudgha.
 10638 | D:10     | Reached skill level 10 in Axes
 10917 | D:10     | Found a staircase to the Lair.
 11269 | D:10     | Reached ***** piety under Trog
 11282 | D:10     | Reached XP level 11. HP: 77/91 MP: 11/11
 12336 | D:11     | Reached skill level 11 in Long Blades
 12365 | D:11     | Found a staircase to the Orcish Mines.
 12460 | D:11     | Received a gift from Trog
 12489 | D:11     | Noticed a two-headed ogre
 12492 | D:11     | Killed a two-headed ogre
 12493 | D:11     | Reached skill level 1 in Maces & Flails
 13593 | Lair:1   | Entered Level 1 of the Lair of Beasts
 13604 | Lair:1   | Reached skill level 12 in Long Blades
 14816 | Lair:2   | Noticed a death yak
 14831 | Lair:2   | Noticed a death yak
 14840 | Lair:1   | Killed a death yak
 14841 | Lair:1   | Reached skill level 13 in Long Blades
 14841 | Lair:1   | Reached XP level 12. HP: 43/100 MP: 12/12
 15152 | Lair:2   | Noticed a death yak
 15152 | Lair:2   | Noticed a death yak
 15152 | Lair:2   | Noticed a death yak
 15159 | Lair:1   | Killed a death yak
 15267 | Lair:2   | Noticed a death yak
 15275 | Lair:1   | Killed a death yak
 15280 | Lair:1   | Killed a death yak
 15620 | Lair:1   | Killed a death yak
 16092 | Lair:2   | Killed a death yak
 16210 | Lair:2   | Reached skill level 14 in Long Blades
 17768 | Lair:2   | Identified the +10 shortbow "Piow Lea" {drain, Str+3}
 19126 | Lair:2   | Slain by a wyvern

Illustrated notes

Levels and vault maps discovered:
D:1:      onia_arrival_mini_spirals, layout_loops_ring, grunt_decor_cap,
          minmay_hexomino_c4
D:2:      layout_basic
D:3:      layout_basic
D:4:      layout_loops_ring, kennysheep_mini, gup_sewer_entry_bubbles,
          uniq_grinder
D:5:      layout_loops_corners, slow_altar_1, grunt_qazlal_clouds,
          mainiacjoe_overflow_alcove_1, minmay_ogre_servants
D:6:      layout_cave_pods, mainiacjoe_overflow_small_starburst,
          nicolae_overflow_crystal_walls, hangedman_decor_slide_cut,
          dk_noncrumbling_3, uniq_edmund, uniq_blork_the_orc
D:7:      layout_loops_corners, lemuel_doored_altar, minmay_temple_entry_wispy,
          minmay_misc_feat_hallway, dk_rats_in_the_wall
D:8:      layout_loops_cross, zin_scriptorium,
          mainiacjoe_overflow_concentric_impassable,
          mainiacjoe_overflow_chevrons, lemuel_blue_sif_altar, uniq_maurice
D:9:      layout_loops_ring, mainiacjoe_overflow_24_doors,
          mainiacjoe_overflow_alcove_4, enter_bailey_3,
          nicolae_figureground_sparkle
D:10:     layout_loops_ring, mainiacjoe_overflow_catwalk, david_lair_shrubbed,
          serial_shops, shop, minmay_misc_feat_columns, introduction_to_nature_2
D:11:     layout_rooms, erik_orc_3, minmay_liquid_box
Lair:1:   layout_small_grid
Lair:2:   layout_big_grid, minmay_lair_oklob_items, serial_bayou_lagoon_b
Lair:3:   layout_cave_pods, minmay_swamp_entry_worms,
          guppyfry_snake_entry_garden, uniq_prince_ribbit2, uniq_kirke,
          uniq_snorg, uniq_gastronok

Skill      XL: |  1  2  3  4  5  6  7  8  9 10 11 12 |
---------------+-------------------------------------+-----
Dodging        | 3 4 5 6 |  6.4
Axes           | 4 5 6 7 8 9 10 11 | 11.2
Throwing       | 1 2 3 |  3.5
Short Blades   | 1 2 3 |  3.1
Fighting       | 4 5 6 7 8 |  8.3
Stealth        | 1 2 3 |  3.7
Long Blades    | 3 7 10 13 14 | 14.9
Evocations     | 1 2 |  2.5
Maces & Flails | 1 |  1.1

Action                   |  1- 3 |  4- 6 |  7- 9 | 10-12 || total
-------------------------+-------+-------+-------+-------++-------
Melee: Hand axe          |   112 |   165 |    78 |       ||   355
       Tailslap          |    10 |    17 |    21 |    69 ||   117
       Punch             |     2 |       |     3 |       ||     5
       Great sword       |       |       |   109 |   422 ||   531
       Battleaxe         |       |       |       |     8 ||     8
Throw: Dart              |    30 |       |    34 |    39 ||   103
       Boomerang         |     1 |    23 |    30 |       ||    54
Invok: Berserk           |     1 |     7 |     8 |    16 ||    32
       Trog's Hand       |       |       |     1 |       ||     1
 Abil: Breathe Frost     |       |       |    15 |    22 ||    37
Evoke: Wand              |       |       |       |    22 ||    22
  Use: Scroll            |     3 |     4 |     5 |    20 ||    32
       Potion            |     1 |     1 |       |     5 ||     7
 Stab: Sleeping          |       |     1 |     3 |     2 ||     6
       Distracted        |       |       |       |     1 ||     1
Armor: Skin              |    43 |    54 |    77 |   266 ||   440
Dodge: Dodged            |    68 |   103 |   136 |   460 ||   767

Table legend: (Time is in decaauts)
 A = Elapsed time spent in this place.
 B = Non-inter-level travel time spent in this place.
 C = Inter-level travel time spent in this place.
 D = Time resting spent in this place.
 E = Time spent auto-exploring this place.
 F = Levels seen in this place.
 G = Mean time per level.
                   A        B        C        D        E       F      G
               +--------+--------+--------+--------+--------+-----+--------+
         Total |  19601 |  19215 |    386 |   6793 |   8559 |  15 | 1306.7 |
       Dungeon |  13314 |  12952 |    362 |   2906 |   6969 |  11 | 1210.4 |
          Lair |   5596 |   5573 |     23 |   3569 |   1363 |   3 | 1865.3 |
         Sewer |    690 |    690 |      0 |    317 |    226 |   1 |  690.0 |
               +--------+--------+--------+--------+--------+-----+--------+

Top non-repeatable levels by time:
  Lair:2: 3025 daAuts
  Lair:1: 2520 daAuts
     D:8: 1941 daAuts
    D:10: 1832 daAuts
     D:9: 1541 daAuts
     D:4: 1266 daAuts
    D:11: 1239 daAuts
     D:6: 1214 daAuts
     D:5: 1069 daAuts
     D:1: 939 daAuts
     D:7: 864 daAuts
     D:2: 809 daAuts
   Sewer: 690 daAuts
     D:3: 594 daAuts
  Lair:3: 51 daAuts
